 Dungeon Crawl Stone Soup version 0.30.0-29-ga12c61a403 (webtiles) character file.

Game seed: 322084949543633394

299 AIAndy the Insei (level 6, -1/38 HPs)
             Began as an Octopode Transmuter on June 13, 2023.
             Was an Initiate of Dithmenos.
             Slain by a hound (5 damage)
             ... on level 5 of the Dungeon.
             The game lasted 00:20:05 (2572 turns).

AIAndy the Insei (Octopode Transmuter)              Turns: 2572, Time: 00:20:06

Health: -1/38      AC:  2    Str: 12      XL:     6   Next: 36%
Magic:  4/10       EV: 19    Int: 15      God:    Dithmenos [......]
Gold:   172        SH:  0    Dex: 14 (17) Spells: 4/10 levels left

rFire   . .          .
                       - Unarmed
rCold   . . .        (shield currently unavailable)
rNeg    . . .        (helmet currently unavailable)
rPois   x            (no amulet)
rElec   .            (no ring)
rCorr   .            (no ring)
SInv    .            (no ring)
Will    .....        (no ring)
Stlth   ++           (no ring)
HPRegen 0.26/turn    (no ring)
MPRegen 0.12/turn    (no ring)
                     (no ring)

%: no passive effects
@: spider-form, very slightly contaminated
A: venomous fangs, almost no armour, (amphibious), 8 rings, tiny, (camouflage
1), (gelatinous body 1), (nimble swimmer 1), (tentacles)
a: End Transformation, Renounce Religion


You were on level 5 of the Dungeon.
You worshipped Dithmenos.
Dithmenos was noncommittal.
You were a venomous arachnid creature.
You visited 1 branch of the dungeon, and saw 6 of its levels.

You collected 172 gold pieces.

Inventory:

Missiles
 p - 6 poisoned darts
Jewellery
 k - a ring of poison resistance
Scrolls
 b - 2 scrolls of identify {unknown}
 d - 2 scrolls of enchant armour
 f - a scroll of brand weapon {unknown}
 h - a scroll of vulnerability {unknown}
 i - a scroll of noise {unknown}
 l - 4 scrolls of magic mapping {unknown}
 m - 2 scrolls of amnesia {unknown}
 n - a scroll of poison {unknown}
 o - 2 scrolls of teleportation {unknown}
 q - a scroll of enchant weapon {unknown}
Potions
 a - a potion of lignification
 c - a potion of brilliance {unknown}
 e - a potion of attraction {unknown}
 g - 4 potions of haste {unknown}
 j - 3 potions of heal wounds {unknown}
 r - a potion of degeneration {unknown}


   Skills:
 + Level 1.4 Fighting
 - Level 2.0 Dodging
 + Level 1.4 Stealth
 + Level 5.5 Unarmed Combat
 + Level 2.8 Spellcasting
 * Level 3.1 Transmutations
 * Level 1.5 Poison Magic


You had 4 spell levels left.
You knew the following spells:

 Your Spells              Type           Power      Damage    Failure   Level
a - Beastly Appendage     Tmut           22%        N/A       16%         1
b - Wereblood             Tmut           11%        N/A       22%         2
c - Spider Form           Tmut/Pois      9%         N/A       45%         3

Your spell library contained the following spells:

 Spells                   Type           Power      Damage    Failure   Level
 Summon Guardian Golem    Hex/Summ       2%         N/A       73%         3
 Ice Form                 Ice/Tmut       6%         N/A       87%         4
 Orb of Destruction       Conj           1%         9d5       100%        7
 Spellforged Servitor     Conj/Summ      1%         N/A       100%        7


Dungeon Overview and Level Annotations

Branches:
Dungeon (7/15)
 Temple: D:4-7

Altars:
Dithmenos
Kikubaaqudgha

Annotations:
D:6 exclusions: black bear and ogre
D:7 exclusion: wyvern


Innate Abilities, Weirdness & Mutations

You are a venomous arachnid creature.
You have venomous fangs.
You are tiny and dextrous.
Your spellcasting is less reliable in this form.
Your armour is entirely melded.
You are incapable of wielding weapons or throwing items.
You cannot wear most types of armour.
((You are amphibious.))
You can wear up to eight rings at the same time.
((Your skin changes colour to match your surroundings (Stealth+).))
((Your rubbery body absorbs attacks. (AC +1, EV +1)))
((You are camouflaged when in or above water. (Stealth+)))
((You have tentacles for arms and can constrict up to eight enemies at once.))


Message History

You feel clumsy. The hound bites you. The hound bites you.
The hound closely misses you.
As you read the scroll labelled QEXYMY OSTEENG, it crumbles to dust.
It is a scroll of enchant armour.
You aren't carrying any armour which can be enchanted further.
The hound bites you.
* * * LOW HITPOINT WARNING * * *
Okay, then.
Casting: Beastly Appendage (safe; 5% risk of failure)
Confirm with . or Enter, or press ? or * to list all spells.
The spell is quite dangerous to miscast (24% risk of failure)!
Continue anyway?
You miscast Spider Form.
You are very lightly contaminated with residual magic.
Nothing appears to happen.
The hound bites you.
* * * LOW HITPOINT WARNING * * *
The hound closely misses you.
Casting: Spider Form (quite dangerous; 24% risk of failure)
Confirm with . or Enter, or press ? or * to list all spells.
The spell is quite dangerous to miscast (24% risk of failure)!
Continue anyway?
You turn into a venomous arachnid creature.
The hound closely misses you.
You hit the hound.
The hound is poisoned.
The hound is lightly wounded.
The hound completely misses you. The hound closely misses you.
You barely miss the hound.
The hound is lightly wounded.
The hound bites you.
* * * LOW HITPOINT WARNING * * *
Really quaff the potion of lignification?
Okay, then.
You barely miss the hound.
The hound is lightly wounded.
The hound bites you.
* * * LOW HITPOINT WARNING * * *
You hit the hound.
The hound is moderately wounded.
The hound completely misses you. The hound bites you.
You die...

.. .# ##+## .#
##...## .#
##..>..## .# #
#.......### .#.##
#......♣...##....##
+.......♣.5hs.$...#
#......P...#.....##
##.....P......#.##
##......####.# #
##...### ... ##+##
###.


You could see a hound (very poisoned) and a quasit.

Vanquished Creatures
  2 howler monkeys (D:6)
  A hound (D:7)
  3 iguanas (D:6)
  5 adders
  A white imp (D:7)
  2 worms (D:2)
  A dart slug (D:2)
  8 endoplasms
  A giant cockroach (D:2)
  5 goblins
  5 hobgoblins
  2 quokkas
  A ball python (D:1)
  8 bats
  4 frilled lizards
  5 kobolds
  5 rats (D:1)
59 creatures vanquished.

Notes
Turn   | Place    | Note
-------+----------+-------------------------------------------
     0 | D:1      | AIAndy the Octopode Transmuter began the quest for the Orb.
     0 | D:1      | Reached XP level 1. HP: 13/13 MP: 3/3
   134 | D:1      | Reached XP level 2. HP: 16/18 MP: 5/5
   137 | D:1      | Learned a level 2 spell: Wereblood
   537 | D:1      | Reached XP level 3. HP: 19/23 MP: 6/6
   769 | D:1      | Reached skill level 4 in Unarmed Combat
   865 | D:1      | Learned a level 3 spell: Spider Form
  1108 | D:2      | Reached XP level 4. HP: 18/28 MP: 4/7
  1717 | D:3      | You fall into a shaft and drop 3 floors!
  1824 | D:6      | Noticed an ogre
  1852 | D:6      | Reached skill level 5 in Unarmed Combat
  1852 | D:6      | Reached XP level 5. HP: 22/33 MP: 4/8
  1908 | D:6      | Noticed an ice beast
  1957 | D:6      | You fall into a shaft and drop 1 floor!
  2015 | D:6      | Found an ancient bone altar of Kikubaaqudgha.
  2092 | D:5      | Entered Level 5 of the Dungeon
  2096 | D:6      | Noticed a black bear
  2127 | D:6      | Found a shadowy altar of Dithmenos.
  2130 | D:6      | Became a worshipper of Dithmenos the Shadowed
  2282 | D:6      | Noticed a black bear
  2370 | D:7      | Reached skill level 1 in Stealth
  2370 | D:7      | Reached skill level 1 in Poison Magic
  2469 | D:7      | Noticed a wyvern
  2526 | D:6      | Reached XP level 6. HP: 28/38 MP: 8/10
  2529 | D:6      | Noticed an ice beast
  2572 | D:5      | Slain by a hound

Illustrated notes

Levels and vault maps discovered:
D:1:      dreamdust_arrival_sigmund_warning, layout_basic
D:2:      layout_loops_ring, grunt_ministairs_7, chequers_serial_rivers_small_a
D:3:      layout_basic, serial_shops, nicolae_shop_behind_doors,
          minmay_pentangle
D:5:      cheibrodos_fzero, layout_loops_corners, serial_demonic,
          serial_demonic_f, serial_demonic_d, serial_demonic_c,
          serial_demonic_e, serial_demonic_c, serial_demonic_e,
          serial_demonic_c, minivault_19
D:6:      layout_loops_ring, nicolae_overflow_hidden_temple,
          amcnicky_altar_gilded, general_overflow_altar, kennysheep_mini_moat,
          minmay_temple_entry_glassed_door, minmay_crystal_water
D:7:      layout_loops_ring, kennysheep_decorative_pillar

Skill      XL: |  1  2  3  4  5 |
---------------+----------------+-----
Unarmed Combat | 4 5 |  5.5
Stealth        | 1 |  1.4
Poison Magic   | 1 |  1.5
Transmutations | 3 |  3.1
Fighting       | |  1.4
Dodging        | |  2.0
Spellcasting   | |  2.8

Action                     |  1- 3 |  4- 6 || total
---------------------------+-------+-------++-------
  Melee: Unarmed           |    79 |    57 ||   136
         Constrict         |    20 |    13 ||    33
         Tentacles         |    18 |    16 ||    34
         Kick              |     7 |     9 ||    16
         Punch             |     2 |     2 ||     4
   Cast: Beastly Appendage |     5 |     6 ||    11
         Wereblood         |     2 |     3 ||     5
         Spider Form       |       |     1 ||     1
    Use: Scroll            |       |     1 ||     1
   Stab: Sleeping          |     8 |     3 ||    11
 Armour: Skin              |     7 |     2 ||     9
  Dodge: Dodged            |    29 |    33 ||    62
